 Dungeon Crawl Stone Soup version 0.31-a0-524-g2a164cf6a2 (webtiles) character file.

Game seed: 15986671473013892494

48 AdnanSaban the Covered (level 3, -3/24 HPs)
             Began as a Gargoyle Fighter on Aug 12, 2023.
             Slain by an orc
             ... wielding a +0 trident
              (6 damage)
             ... on level 3 of the Dungeon.
             The game lasted 00:01:13 (1215 turns).

AdnanSaban the Covered (Gargoyle Fighter)           Turns: 1215, Time: 00:01:14

Health: -3/24      AC: 10    Str: 21    XL:     3   Next: 72%
Magic:  3/3        EV:  9    Int:  8    God:
Gold:   167        SH:  4    Dex:  9    Spells: 2/2 levels left

rFire   . . .        a - +0 flail
rCold   . . .        c - +0 buckler
rNeg    + . .        b - +0 scale mail
rPois   ∞            (no helmet)
rElec   +            (no cloak)
rCorr   .            (no gloves)
SInv    .            (no boots)
Will    .....        (no amulet) Stlth
                     (no ring)
HPRegen 0.24/turn    (no ring)
MPRegen 0.08/turn

%: no passive effects
@: no status effects
A: sickness immunity, AC +3, negative energy resistance 1, electricity
resistance, torment resistance 1, petrification resistance
a: no special abilities


You were on level 3 of the Dungeon.
You visited 1 branch of the dungeon, and saw 3 of its levels.

You collected 167 gold pieces.

Inventory:

Hand Weapons
 a - a +0 flail (weapon)
Missiles
 k - 4 boomerangs
 p - 5 poisoned darts
Armour
 b - a +0 scale mail (worn)
 c - a +0 buckler (worn)
Scrolls
 e - a scroll of noise {unknown}
 g - 2 scrolls of teleportation {unknown}
 i - 4 scrolls of identify {unknown}
 j - a scroll of enchant weapon {unknown}
 l - a scroll of amnesia {unknown}
 n - a scroll of torment {unknown}
Potions
 d - 3 potions of might
 f - 2 potions of heal wounds {unknown}
 h - a potion of cancellation {unknown}
 m - a potion of brilliance {unknown}
 o - a potion of haste {unknown}
 q - a potion of lignification {unknown}


   Skills:
 + Level 3.7 Fighting
 + Level 2.4 Maces & Flails
 + Level 3.8 Armour
 + Level 0.3 Dodging
 + Level 3.8 Shields


You had 2 spell levels left.
You didn't know any spells.
Your spell library was empty.

Dungeon Overview and Level Annotations

Branches:
Dungeon (3/15)

Altars:

Shops:
D:3 =

Annotations:
D:2 Sigmund


Innate Abilities, Weirdness & Mutations

You are immune to sickness and miasma.
Your stone body is resilient. (AC +3)
You are immune to poison.
You resist negative energy. (rN+)
You are resistant to electric shocks. (rElec)
You are resistant to unholy torment.
You are immune to petrification.


Message History

The orc hits you but does no damage. The orc hits you with a +0 dagger.
The orc hits you but does no damage.
The orc hits you from afar with a +0 trident.
You hit the orc.
The orc is heavily wounded.
You block the orc's attack. The orc hits you but does no damage.
You hear some strange, mumbled words.
A magic dart appears from out of thin air!
The magic dart hits you! The orc hits you but does no damage.
You are too injured to fight recklessly!
You are too injured to fight recklessly!
You are too injured to fight recklessly!
You are too injured to fight recklessly!
You are too injured to fight recklessly!
You are too injured to fight recklessly!
You are too injured to fight recklessly!
You are too injured to fight recklessly!
You are too injured to fight recklessly!
You are too injured to fight recklessly!
You are too injured to fight recklessly!
You are too injured to fight recklessly!
You are too injured to fight recklessly!
You are too injured to fight recklessly!
You are too injured to fight recklessly!
You are too injured to fight recklessly!
You are too injured to fight recklessly!
Unknown command.
The orc attacks as you move away! The orc hits you but does no damage.
The orc barely misses you. The orc hits you but does no damage.
The orc attacks as you move away! The orc hits you with a +0 dagger.
Something hits you but does no damage.
You hit the orc.
You kill the orc!
You hear some strange, mumbled words.
A puff of flame appears from out of thin air!
The puff of flame hits you!
* * * LOW HITPOINT WARNING * * *
The orc hits you from afar with a +0 trident.
You die...

#......####....##
#..
#...........####
#.# #......#..###
#.# #......#.....
#.#
###......#####
##.#####.######
#.........######
#...##.##......#
#..{)@.#######.#
#..o#### #..)#
#...# #....
#..... ####.. ...
...


You could see an orc.

Vanquished Creatures
  2 dart slugs
  2 orcs (D:3)
  4 ball pythons
  4 endoplasms
  3 giant cockroaches
  3 goblins (D:1)
  3 hobgoblins
  3 jackals (D:1)
  4 kobolds (D:1)
  A quokka (D:3)
  4 bats
  4 rats
37 creatures vanquished.

Notes
Turn   | Place    | Note
-------+----------+-------------------------------------------
     0 | D:1      | AdnanSaban the Gargoyle Fighter began the quest for the
                  | Orb.
     0 | D:1      | Reached XP level 1. HP: 14/14 MP: 1/1
   102 | D:1      | Reached XP level 2. HP: 17/19 MP: 2/2
   403 | D:1      | Reached XP level 3. HP: 24/24 MP: 3/3
   802 | D:2      | Noticed Sigmund
  1102 | D:3      | Found Isuxuu's Jewellery Shoppe.
  1215 | D:3      | Slain by an orc

Illustrated notes

Levels and vault maps discovered:
D:1:      shiori_arrival_maze, layout_basic
D:2:      minmay_angry_zag, layout_loops_ring, serial_shops,
          nicolae_book_shop_shelving, uniq_sigmund
D:3:      layout_rooms, regret_index_temple_of_mockery,
          lemuel_coloured_pillars_altar, serial_shops, nicolae_square_shop,
          supply_closet_lemuel

Action                     || total
---------------------------++-------
  Melee: Flail             ||   135
 Armour: Scale mail        ||    85
  Dodge: Dodged            ||    73
  Block: Buckler           ||    35

Table legend: (Time is in decaauts)
 A = Elapsed time spent in this place.
 B = Non-inter-level travel time spent in this place.
 C = Inter-level travel time spent in this place.
 D = Time resting spent in this place.
 E = Time spent auto-exploring this place.
 F = Levels seen in this place.
 G = Mean time per level.
                   A        B        C        D        E       F      G
               +--------+--------+--------+--------+--------+-----+--------+
         Total |   1259 |   1192 |     67 |      0 |    857 |   3 |  419.7 |
       Dungeon |   1259 |   1192 |     67 |      0 |    857 |   3 |  419.7 |
               +--------+--------+--------+--------+--------+-----+--------+

Top non-repeatable levels by time:
     D:1: 850 daAuts
     D:2: 292 daAuts
     D:3: 117 daAuts
